 Dungeon Crawl Stone Soup version 0.24.0-13-gcf9b319 (webtiles) character file.

Game seed: 11689057364248647883, levelgen mode: deterministic

85 Bronimir the Ruffian (level 4, -2/35 HPs)
             Began as a Draconian Transmuter on Mar 8, 2020.
             Was an Initiate of Dithmenos.
             Slain by an orc wizard
             ... wielding a +0 dagger
              (3 damage)
             ... on level 2 of the Dungeon.
             The game lasted 00:03:28 (2009 turns).

Bronimir the Ruffian (Draconian Transmuter)         Turns: 2009, Time: 00:03:29

Health: -2/35      AC:  5    Str: 14    XL:     4   Next: 25%
Magic:  5/7        EV: 12    Int: 13    God:    Dithmenos [......]
Gold:   76         SH:  0    Dex: 11    Spells: 4/7 levels left

rFire    . . .     SeeInvis .     - Unarmed
rCold    . . .     Gourm    .   (no shield)
rNeg     . . .     Faith    .   (armour unavailable)
rPois    .         Spirit   .   (helmet restricted)
rElec    .         Reflect  .   (no cloak)
rCorr    .         Harm     .   (no gloves)
MR       .....                  (boots currently unavailable)
Stlth    ..........             (no amulet)
HPRegen  0.11/turn              i - ring of attention (curse)
MPRegen  0.10/turn              (no ring)

@: appendage (expiring), very slightly contaminated
A: unfitting armour, talons 3, cold-blooded, AC +5
a: End Transformation, Renounce Religion


You were on level 2 of the Dungeon.
You worshipped Dithmenos.
Dithmenos was noncommittal.
You were hungry.
You had grown temporary talons.
You visited 1 branch of the dungeon, and saw 2 of its levels.

You collected 76 gold pieces.

Inventory:

Hand Weapons
 b - a +0 hunting sling
Missiles
 a - 29 arrows
 d - 75 stones (quivered)
Jewellery
 i - a cursed ring of attention (left hand)
Scrolls
 e - 3 scrolls of identify {unknown}
 g - a scroll of teleportation {unknown}
 h - a scroll of blinking {unknown}
Potions
 f - 2 potions of might {unknown}
 j - a potion of brilliance {unknown}
Comestibles
 c - a ration


   Skills:
 + Level 1.2 Fighting
 + Level 2.3 Dodging
 * Level 4.3 Unarmed Combat
 + Level 2.2 Spellcasting
 * Level 2.4 Transmutations


You had 4 spell levels left.
You knew the following spells:

 Your Spells              Type           Power        Failure   Level  Hunger
a - Beastly Appendage     Tmut           #.....       10%         1    ##.....
b - Sticks to Snakes      Tmut           #.......     14%         2    ###....

Your spell library contained the following spells:

 Spells                   Type           Power        Failure   Level  Hunger
 Spider Form              Tmut/Pois      #.........   41%         3    ####...
 Ice Form                 Ice/Tmut       #.......     83%         4    #####..
 Blade Hands              Tmut           #.........   95%         5    ######.


Dungeon Overview and Level Annotations

Branches:
Dungeon (2/15)

Altars:
Ashenzari
Cheibriados
Dithmenos
Elyvilon
Kikubaaqudgha
Nemelex Xobeh
Qazlal
Yredelemnul


Innate Abilities, Weirdness & Mutations

Your plain brown scales are hard. (AC +5)
You cannot fit into any form of body armour.
You are cold-blooded and may be slowed by cold attacks.
You have claws for feet.


Message History

Your tail-slap misses the orc wizard.
The orc wizard is severely wounded.
The orc wizard closely misses you.
You closely miss the orc wizard. Your kick misses the orc wizard.
The orc wizard is severely wounded.
The orc wizard barely misses you.
You completely miss the orc wizard.
The orc wizard is severely wounded.
The orc wizard hits you but does no damage.
You closely miss the orc wizard.
The orc wizard is severely wounded.
The orc wizard hits you with a +0 dagger.
* * * LOW HITPOINT WARNING * * *
You hit the orc wizard.
You kill the orc wizard!
Dithmenos accepts your kill.
You have reached level 4!
You feel stronger. Something hits you.
You die...

#..
#.#......#######
.. #.......## #
#. ###.#.#.#
.##.##.####.#.#.#
............#.#..
##.##..#####.####
##.# #.# #.# #.#
#@# #.# #{# #..
#o########
#o.......#
#...[...##.#
#.......#
#.......#
...........
###.......##.


You could see 2 orcs.

Vanquished Creatures
  An orc wizard (D:2)
  3 adders (D:2)
  A leopard gecko (D:1)
  An orc (D:2)
  4 bats (D:1)
  A giant cockroach (D:1)
  2 goblins
  4 hobgoblins
  4 jackals (D:1)
  3 kobolds (D:1)
  4 frilled lizards
  4 rats
32 creatures vanquished.

Notes
Turn   | Place    | Note
-------+----------+-------------------------------------------
     0 | D:1      | Bronimir the Draconian Transmuter began the quest for the
                  | Orb.
     0 | D:1      | Reached XP level 1. HP: 16/16 MP: 3/3
   199 | D:1      | Reached XP level 2. HP: 17/23 MP: 5/5
   571 | D:1      | Learned a level 2 spell: Sticks to Snakes
  1006 | D:2      | Found a shadowy altar of Dithmenos.
  1035 | D:2      | Became a worshipper of Dithmenos the Shadowed
  1048 | D:2      | Reached XP level 3. HP: 9/28 MP: 4/6
  1384 | D:2      | Reached skill level 4 in Unarmed Combat
  1386 | D:2      | Found a stormy altar of Qazlal.
  1390 | D:2      | Found a white marble altar of Elyvilon.
  1391 | D:2      | Found a sparkling altar of Nemelex Xobeh.
  1391 | D:2      | Found a shattered altar of Ashenzari.
  1392 | D:2      | Found an ancient bone altar of Kikubaaqudgha.
  1735 | D:2      | Found a snail-covered altar of Cheibriados.
  1841 | D:2      | Found a basalt altar of Yredelemnul.
  2007 | D:2      | HP: 1/28 [orc wizard/+0 dagger (6)]
  2008 | D:2      | Reached XP level 4. HP: 1/35 MP: 5/7
  2009 | D:2      | Slain by an orc wizard

Levels and vault maps discovered:
D:1:      minmay_arrival_cross, layout_loops_corners
D:2:      layout_loops_ring, nicolae_overflow_hidden_temple, marbit_many_paths,
          minitemple, nicolae_dithmenos_through_a_glass_darkly

Skill      XL: |  1  2  3 |
---------------+----------+-----
Dodging        | 2 |  2.3
Unarmed Combat | 4 |  4.3
Fighting       | |  1.2
Spellcasting   | |  2.2
Transmutations | |  2.4

Action                   |  1- 3 |  4- 6 || total
-------------------------+-------+-------++-------
Melee: Unarmed           |   125 |       ||   125
       Tailslap          |     5 |       ||     5
       Kick              |     1 |       ||     1
       Headbutt          |     1 |       ||     1
 Cast: Beastly Appendage |     6 |       ||     6
  Eat: Chunk             |     3 |       ||     3
Armor: Skin              |    40 |       ||    40
Dodge: Dodged            |    87 |       ||    87
